 Dungeon Crawl Stone Soup version 0.28-a0-1387-g3a22ab9bdc (webtiles) character file.

Game seed: 611051454742606847

1941 avis the Grappler (level 9, -3/63 HPs)
             Began as an Octopode Transmuter on Jan 2, 2022.
             Slain by a green ugly thing (16 damage)
             ... on level 5 of the Dungeon.
             The game lasted 00:39:30 (7110 turns).

avis the Grappler (Octopode Transmuter)             Turns: 7110, Time: 00:39:30

Health: -3/63      AC:  1    Str: 14    XL:     9   Next: 18%
Magic:  13/13      EV: 13    Int: 13    God:
Gold:   209        SH:  0    Dex: 12    Spells: 4/14 levels left

rFire   . . .      SeeInvis .     - Unarmed
rCold   . . .      Faith    .   (no shield)
rNeg    + . .      Spirit   .   (helmet restricted)
rPois   .          Reflect  .   (no amulet)
rElec   .          Harm     .   e - ring of positive energy
rCorr   .          Rampage  .   (no ring)
Will    .....                   (no ring)
Stlth   +++.......              (no ring)
HPRegen 0.20/turn               (no ring)
MPRegen 0.13/turn               (no ring)
                                (no ring)
                                (no ring)

@: no status effects
A: almost no armour, amphibious, 8 rings, camouflage 1, gelatinous body 1,
(nimble swimmer 1), tentacles, dopey 1, robust 1
a: no special abilities


You were on level 5 of the Dungeon.
You visited 2 branches of the dungeon, and saw 7 of its levels.

You collected 209 gold pieces.

Inventory:

Hand Weapons
 w - a +3 dagger of venom
Missiles
 f - 44 poisoned darts
 s - 4 boomerangs
Jewellery
 e - a ring of positive energy (left tentacle)
Wands
 p - a wand of flame (33)
 x - a wand of digging (5)
Scrolls
 a - a scroll of enchant armour {unknown}
 d - 9 scrolls of teleportation
 g - 6 scrolls of identify
 l - a scroll of summoning {unknown}
 u - 3 scrolls of fear {unknown}
 y - a scroll of immolation {unknown}
 A - a scroll of noise {unknown}
Potions
 k - a potion of curing
 v - 2 potions of might


   Skills:
 - Level 4.0 Fighting
 - Level 3.0 Dodging
 - Level 3.0 Stealth
 * Level 8.9 Unarmed Combat
 - Level 3.0 Spellcasting
 - Level 4.0 Transmutations
 - Level 4.0 Ice Magic
 - Level 2.0 Poison Magic


You had 4 spell levels left.
You knew the following spells:

 Your Spells              Type           Power      Damage    Failure   Level
a - Beastly Appendage     Tmut           24%        N/A       4%          1
e - Wereblood             Tmut           12%        N/A       7%          2
p - Spider Form           Tmut/Pois      9%         N/A       21%         3
q - Ice Form              Ice/Tmut       12%        N/A       41%         4

Your spell library contained the following spells:

 Spells                   Type           Power      Damage    Failure   Level


Dungeon Overview and Level Annotations

Branches:
Dungeon (6/15)             Temple (1/1) D:6

Altars:
Ashenzari
Cheibriados
Dithmenos
Fedhas
Hepliaklqana
Kikubaaqudgha
Makhleb
Nemelex Xobeh
Qazlal
Ru
Sif Muna
Trog
Uskayaw
Vehumet
Wu Jian
Xom
Yredelemnul
Zin
The Shining One


Innate Abilities, Weirdness & Mutations

You cannot wear most types of armour.
You are amphibious.
You can wear up to eight rings at the same time.
Your skin changes colour to match your surroundings (Stealth+).
Your rubbery body absorbs attacks. (AC +1, EV +1)
((You are camouflaged when in or above water. (Stealth+)))
You have tentacles for arms and can constrict up to eight enemies at once.
You are dopey. (Int -2)
You are robust. (+10% HP)


Message History

You turn into a venomous arachnid creature.
The orc shouts!
A green ugly thing comes into view.
You bite the orc!
The orc is poisoned.
The orc is almost dead.
The orc completely misses you.
You barely miss the orc.
The orc is almost dead.
The orc closely misses you.
You bite the orc!
You kill the orc!
Your transformation is almost over.
You hit the green ugly thing but do no damage.
The green ugly thing is poisoned.
The green ugly thing tentacle-slaps you!
You hit the green ugly thing.
The green ugly thing looks as sick as possible!
The green ugly thing is lightly wounded.
The green ugly thing tentacle-slaps you!
You are lethally poisoned!
The green ugly thing poisons you!
You bite the green ugly thing!
The green ugly thing is lightly wounded.
You feel extremely sick. The green ugly thing misses you.
You feel extremely sick.
* * * LOW HITPOINT WARNING * * *
You feel extremely sick.
* * * LOW HITPOINT WARNING * * *
You feel extremely sick.
You feel better.
Your transformation has ended.
The green ugly thing tentacle-slaps you but does no damage.
The green ugly thing barely misses you.
There is a stone staircase leading up here.
The green ugly thing closely misses you.
You climb upwards.
There is a stone staircase leading down here.
The green ugly thing tentacle-slaps you!
You die...

..#.# .##.# .##.#
###.#### ^##....#
.###.#.# ####.#.#
##...#.###########
...............u@#
...#...#####.#####
##.....#####.#
##.#.........#
##<#..########
####..# ......#
#####.# #####.#


You could see a green ugly thing (very poisoned).

Vanquished Creatures
  Prince Ribbit (D:5)
  Edmund (D:4)
  A water moccasin (D:4)
  2 sky beasts
  A black bear (D:5)
  3 ogres (D:6)
  A phantom (D:3)
  A kobold brigand (D:6)
  A bullfrog (D:6)
  A scorpion (D:5)
  A howler monkey (D:5)
  2 bullfrog zombies
  A centaur zombie (D:5)
  2 jellies
  6 hounds
  2 iguanas (D:4)
  Ijyb (D:4)
  2 orc wizards (D:6)
  A scorpion zombie (D:3)
  A killer bee zombie (D:5)
  9 gnolls
  6 adders
  2 dart slugs
  4 orcs
  3 ball pythons
  6 endoplasms
  2 giant cockroaches
  8 goblins
  5 hobgoblins
  7 kobolds
  9 quokkas
  3 bats
  2 frilled lizards
  5 rats (D:2)
103 creatures vanquished.

Notes
Turn   | Place    | Note
-------+----------+-------------------------------------------
     0 | D:1      | avis the Octopode Transmuter began the quest for the Orb.
     0 | D:1      | Reached XP level 1. HP: 13/13 MP: 3/3
    58 | D:1      | Reached skill level 1 in Stealth
   127 | D:1      | Reached XP level 2. HP: 16/18 MP: 5/5
   458 | D:1      | Found a faded altar of an unknown god.
   535 | D:1      | Reached skill level 1 in Poison Magic
   557 | D:1      | Reached XP level 3. HP: 20/24 MP: 4/6
   561 | D:1      | Learned a level 3 spell: Spider Form
   836 | D:2      | Found a basalt altar of Yredelemnul.
  1143 | D:2      | Reached XP level 4. HP: 30/30 MP: 5/7
  1541 | D:3      | Noticed a phantom
  1557 | D:3      | Killed a phantom
  1558 | D:3      | Reached skill level 4 in Unarmed Combat
  1558 | D:3      | Reached XP level 5. HP: 36/36 MP: 5/8
  2071 | D:3      | Reached skill level 5 in Unarmed Combat
  2080 | D:3      | Reached XP level 6. HP: 19/42 MP: 3/9
  2342 | D:3      | Found a shimmering blue altar of Sif Muna.
  2463 | D:3      | Learned a level 4 spell: Ice Form
  2569 | D:4      | Noticed a sky beast
  2772 | D:4      | Killed a sky beast
  3071 | D:4      | Noticed Edmund
  3096 | D:4      | Killed Edmund
  3097 | D:4      | Reached XP level 7. HP: 11/46 MP: 9/11
  3331 | D:4      | Learned a level 2 spell: Wereblood
  3666 | D:4      | Noticed Ijyb
  3675 | D:4      | Killed Ijyb
  3768 | D:4      | Found a glowing golden altar of the Shining One.
  3825 | D:4      | Reached skill level 6 in Unarmed Combat
  3825 | D:4      | Gained mutation: You are robust. (+10% HP) [potion of
                  | mutation]
  3825 | D:4      | Gained mutation: You are dopey. (Int -2) [potion of
                  | mutation]
  4242 | D:5      | Entered Level 5 of the Dungeon
  4733 | D:5      | Reached skill level 7 in Unarmed Combat
  4733 | D:5      | Reached XP level 8. HP: 31/57 MP: 9/12
  5045 | D:5      | Found an ornate altar of the Wu Jian Council.
  5190 | D:5      | Noticed Prince Ribbit
  5209 | D:5      | Killed Prince Ribbit
  5210 | D:5      | Reached skill level 1 in Ice Magic
  5476 | D:5      | Noticed a +0 dagger
  5477 | D:5      | Noticed a +0 hand axe
  5479 | D:5      | Found a hide-covered altar of Uskayaw.
  5703 | D:5      | Upgraded the game from 0.28-a0-1382-g92835e5c71 to
                  | 0.28-a0-1387-g3a22ab9bdc
  6631 | D:6      | Reached skill level 8 in Unarmed Combat
  6631 | D:6      | Reached XP level 9. HP: 52/63 MP: 8/13
  6729 | D:6      | Found a stormy altar of Qazlal.
  6952 | D:6      | Found a staircase to the Ecumenical Temple.
  6961 | Temple   | Entered the Ecumenical Temple
  7085 | D:6      | Noticed a green ugly thing
  7110 | D:5      | Slain by a green ugly thing

Illustrated notes

Levels and vault maps discovered:
D:1:      minmay_arrival_semitransparent, layout_rooms,
          ebering_ecumenical_altar_hall
D:2:      layout_rooms, basic_altar
D:3:      minmay_skewed_foursquare, layout_loops_cross,
          nicolae_sif_muna_condensation
D:4:      layout_loops_ring, nicolae_tso_carved_into_rock, uniq_ijyb,
          uniq_edmund
D:5:      layout_basic, nicolae_wu_jian_wuxing_cycle, dancing_weapons_uskayaw,
          serial_rivers, chequers_serial_rivers_room_b,
          chequers_serial_rivers_room_a, chequers_serial_rivers_small_a,
          chequers_serial_rivers_micro_a, chequers_serial_rivers_room_a,
          uniq_prince_ribbit1
D:6:      lemuel_castle_with_subvaults [lemuel_castle_interior_carwin_3],
          layout_basic, nicolae_qazlal_general_emergency,
          minmay_temple_entry_large_hall, feat_on_display
Temple:   zaba_magenta_temple

Skill      XL: |  1  2  3  4  5  6  7  8 |
---------------+-------------------------+-----
Stealth        | 2 3 |  3.0
Fighting       | 2 3 4 |  4.0
Poison Magic   | 1 2 |  2.0
Unarmed Combat | 4 5 7 8 |  8.9
Dodging        | 3 |  3.0
Spellcasting   | 3 |  3.0
Transmutations | 3 4 |  4.0
Ice Magic      | 4 |  4.0

Action                   |  1- 3 |  4- 6 |  7- 9 || total
-------------------------+-------+-------+-------++-------
Melee: Unarmed           |    15 |    50 |   126 ||   191
       Kick              |    10 |     7 |    13 ||    30
       Constrict         |    12 |     9 |     8 ||    29
       Tentacles         |     6 |     5 |     4 ||    15
       Punch             |     2 |       |     1 ||     3
       Dagger            |    33 |    36 |    25 ||    94
 Fire: Hunting sling     |     3 |       |       ||     3
 Cast: Beastly Appendage |    25 |    16 |     8 ||    49
       Spider Form       |       |    10 |    29 ||    39
Evoke: Wand              |       |     1 |       ||     1
  Use: Potion            |       |       |     5 ||     5
       Scroll            |       |       |     4 ||     4
 Stab: Sleeping          |    10 |     6 |     7 ||    23
       Distracted        |       |       |     1 ||     1
Armor: Skin              |     2 |     4 |     5 ||    11
Dodge: Dodged            |    20 |    59 |   120 ||   199

Table legend: (Time is in decaauts)
 A = Elapsed time spent in this place.
 B = Non-inter-level travel time spent in this place.
 C = Inter-level travel time spent in this place.
 D = Time resting spent in this place.
 E = Time spent auto-exploring this place.
 F = Levels seen in this place.
 G = Mean time per level.
                   A        B        C        D        E       F      G
               +--------+--------+--------+--------+--------+-----+--------+
         Total |   7128 |   6469 |    659 |   2826 |   1774 |   7 | 1018.3 |
       Dungeon |   7039 |   6398 |    641 |   2826 |   1724 |   6 | 1173.2 |
        Temple |     89 |     71 |     18 |      0 |     50 |   1 |   89.0 |
               +--------+--------+--------+--------+--------+-----+--------+

Top non-repeatable levels by time:
     D:4: 2259 daAuts
     D:5: 1748 daAuts
     D:3: 1297 daAuts
     D:2: 702 daAuts
     D:1: 632 daAuts
     D:6: 399 daAuts
  Temple: 89 daAuts
